 Dungeon Crawl Stone Soup version 0.21.0-22-g11d5b52 (webtiles) character file.

663001 JeffiDaFish the Axe Maniac (level 27, -2/245 HPs)
             Began as a Minotaur Fighter on Jan 18, 2018.
             Was the Champion of Okawaru.
             Killed by divine providence
             ... invoked by a green draconian stormcaller
             ... summoned by the power of Zot
              (15 damage)
             ... on level 5 of the Realm of Zot.
             The game lasted 03:04:29 (65906 turns).

JeffiDaFish the Axe Maniac (Minotaur Fighter)      Turns: 65906, Time: 03:04:29

Health: -2/245     AC: 46    Str: 32    XL:     27
Magic:  1/39       EV: 36    Int:  5    God:    Okawaru [******]
Gold:   7066       SH: 20    Dex: 31    Spells: 26/26 levels left

rFire    + . .     SeeInvis .   N - +9 broad axe (elec) {"Axewald the Axe"}
rCold    + + .     Gourm    .   L - +0 shield "Gotsyluo" {*Corrode rPois Dex+10}
rNeg     + . .     Faith    .   D - +10 gold dragon scales
rPois    +         Spirit   .   a - +1 hat
rElec    .         Reflect  +   S - +4 dragonskin cloak
rCorr    .         Harm     .   v - +1 pair of gloves of Listlessness {Slay+3}
MR       +++++                  H - +2 pair of boots {Fly}
Stlth    ..........             y - amulet of Riojois {Reflect Str+4 SH+3}
HPRegen  0.00/turn              G - +5 ring of evasion
MPRegen  0.26/turn              R - ring "Opock" {MR+ MP+9 Str+5}

@: silence, corroded, berserk cooldown, flying, slowed, studying 4 skills, very
slow
A: retaliatory headbutt, horns 2, cold resistance 1, frail 1, magic resistance
2, inhibited regeneration, subdued magic 1
}: 3/15 runes: decaying, silver, gossamer
a: Renounce Religion, Stop Flying


You were on level 5 of the Realm of Zot.
You worshipped Okawaru.
Okawaru was exalted by your worship.
You were not hungry.

You visited 10 branches of the dungeon, and saw 50 of its levels.

You collected 7724 gold pieces.
You spent 658 gold pieces at shops.

Inventory:

Hand Weapons
 e - the +14 obsidian axe {chop, +Fly SInv *Curse}
   (Okawaru gifted it to you on level 4 of the Realm of Zot)

   It inflicts extra damage upon your enemies.
   It lets you see invisible.
   It lets you fly.
   It curses itself when equipped.
 M - a +3 executioner's axe of electrocution
 N - a +9 broad axe of electrocution (weapon) {"Axewald the Axe"}
Armour
 a - a +1 hat (worn)
 v - the +1 pair of gloves of Listlessness (worn) {Slay+3}
   (Okawaru gifted it to you on level 3 of the Lair of Beasts)

   It affects your accuracy and damage with ranged weapons and melee attacks
   (+3).
 D - +10 gold dragon scales (worn)
 H - a +2 pair of boots of flying (worn)
 L - the +0 shield "Gotsyluo" (worn) {*Corrode rPois Dex+10}
   (Okawaru gifted it to you on level 3 of the Depths)

   It affects your dexterity (+10).
   It protects you from poison.
   It may corrode you when you take damage.
 O - the +12 crystal plate armour of Conscience {Str+2 Dex+4 SInv Stlth+}
   (Okawaru gifted it to you on level 2 of the Elven Halls)

   It affects your strength (+2).
   It affects your dexterity (+4).
   It lets you see invisible.
   It makes you more stealthy.
 S - the +4 dragonskin cloak (worn)
   (You took it off Tiamat on level 5 of the Realm of Zot)
Jewellery
 t - an uncursed ring of protection from cold
 y - the amulet of Riojois (around neck) {Reflect Str+4 SH+3}
   (You took it off a necromancer on level 3 of the Depths)

   [amulet of reflection]

   It shields you and reflects attacks.
   It affects your strength (+4).
   It affects your SH (+3).
 G - a +5 ring of evasion (left hand)
 Q - an uncursed ring of protection from fire
 R - the ring "Opock" (right hand) {MR+ MP+9 Str+5}
   (You took it off a tengu reaver on level 3 of the Depths)

   [ring of strength]

   It affects your strength (+5).
   It affects your resistance to hostile enchantments.
   It affects your magic capacity (+9).
Wands
 u - a wand of scattershot (14)
Scrolls
 b - 9 scrolls of magic mapping
 g - 29 scrolls of identify
 h - 7 scrolls of fear
 i - 4 scrolls of blinking
 j - 38 scrolls of teleportation
 n - 9 scrolls of fog
 o - 4 scrolls of silence
 p - 20 scrolls of remove curse
 E - 5 scrolls of holy word
 J - a scroll of summoning
 T - a scroll of brand weapon
Potions
 c - a potion of brilliance
 d - 10 potions of might
 k - 5 potions of resistance
 l - a potion of berserk rage
 q - 2 potions of cancellation
 s - 6 potions of haste
 x - 9 potions of curing
 B - 6 potions of agility
Books
 r - a manual of Long Blades
 w - a manual of Spellcasting
 z - a Necronomicon

   Spells                             Type                      Level
   a - Haunt                          Necromancy/Summoning         7
   b - Borgnjor's Revivification      Necromancy                   8
   c - Death's Door                   Charms/Necromancy            8
   d - Infestation                    Necromancy                   8
   e - Necromutation                  Transmutation/Necromancy     8
 A - a book of Summonings

   Spells                             Type                      Level
   a - Recall                         Summoning/Translocation      3
   b - Aura of Abjuration             Summoning                    5
   c - Summon Demon                   Summoning                    5
   d - Summon Forest                  Summoning/Translocation      5
   e - Summon Mana Viper              Hexes/Summoning              5
   f - Shadow Creatures               Summoning                    6
 I - a manual of Hexes
 P - a manual of Polearms
Comestibles
 f - 83 rations


   Skills:
 O Level 27 Fighting
 O Level 27 Axes
 + Level 25.5 Armour
 + Level 25.2 Dodging
 - Level 1.3 Stealth
 - Level 15.9 Shields
 - Level 10.8 Invocations


You had 26 spell levels left.
You didn't know any spells.

Dungeon Overview and Level Annotations

Branches:
Dungeon (15/15)            Temple (1/1) D:7            Lair (6/6) D:10
  Swamp (4/4) Lair:4       Spider (4/4) Lair:3        Slime (0/5) Lair:5
    Orc (2/2) D:9             Elf (3/3) Orc:2        Vaults (5/5) D:14
  Crypt (0/3) Vaults:3     Depths (5/5) D:15            Zot (5/5) Depths:5

Altars:
Ashenzari
Cheibriados
Dithmenos
Elyvilon
Fedhas
Gozag
Hepliaklqana
Kikubaaqudgha
Makhleb
Nemelex Xobeh
Okawaru
Qazlal
Ru
Sif Muna
Trog
Uskayaw
Vehumet
Wu Jian
Xom
Yredelemnul
Zin
The Shining One

Shops:
D:7 [   D:11 *   D:12 }   D:13 (   Orc:2 [::[   Elf:2 [   Vaults:4 [
Depths:1 (*   Depths:2 %[?[   Depths:5 !

Portals:
Hell: Depths:1 Depths:2 Depths:3 Depths:4 Depths:5
Abyss: Depths:2 Depths:4
Pandemonium: Depths:3
Ziggurat: Depths:1


Innate Abilities, Weirdness & Mutations

You reflexively headbutt those who attack you in melee.
You have a pair of horns on your head.
Your flesh is cold resistant. (rC+)
You are frail. (-10% HP)
You are highly resistant to hostile enchantments. (MR++)
You do not regenerate when monsters are visible.
Your spells are a little easier to cast, but a little less powerful.


Message History

The bolt of dispelling energy misses you.
You feel better. You block the death cob's attack. x2
The death cob completely misses you. You furiously retaliate!
You headbutt the death cob, but do no damage.
The purple draconian completely misses you.
The death cob misses you. You furiously retaliate!
You headbutt the death cob!
You destroy the death cob!
You feel better.
The yellow draconian annihilator completely misses you.
You furiously retaliate!
You headbutt the yellow draconian annihilator, but do no damage.
The purple draconian completely misses you.
You slice the curse toe!! You headbutt the curse toe.
The curse toe is moderately damaged.
You hit the yellow draconian annihilator.
You hit the yellow draconian scorcher.
You block the purple draconian's attack.
The green draconian stormcaller invokes the aid of Qazlal against you.
Qazlal smites you!
You die...

#...# ##...#
####### ##...#
##...... ##.<.#
##....... ##...##
##...##### ##...##
##...## ##..[.ยง##
##...## ##...#..z##
##.<.##
##...###.@q###...##
#.L.## ##qd.#...##
### #..## ##fdq..##
##.. #..# ##...##
##... #..# ##...##
##...# #..# #...##
##...## #..# #..##
##...## #..# #..#
##...## #..# #..#
##...##


You could see a purple draconian, a white draconian, a curse toe, a green
draconian stormcaller, a yellow draconian annihilator, a yellow draconian
scorcher and a wandering mushroom.

Vanquished Creatures
  Tiamat (Zot:5)
  An orb of fire (Zot:2)
  3 juggernauts
  Bai Suzhen (Elf:3)
  Saint Roka (Vaults:4)
  Margery (Vaults:3)
  3 curse toes
  5 caustic shrikes
  20 golden dragons
  Arachne (Spider:3)
  2 bone dragons
  3 electric golems (Zot:5)
  Rupert (D:12)
  26 tentacled monstrosities
  7 liches
  3 Orb Guardians (Zot:5)
  2 deep elf blademasters
  6 titans
  11 quicksilver dragons
  An eldritch tentacle (Vaults:1)
  2 deep elf master archers (Elf:3)
  9 death cobs
  Frances (D:13)
  Kirke (Swamp:2)
  3 thorn hunters
  5 sphinxes
  Agnes (Elf:1)
  13 shadow dragons
  12 draconian monks
  6 tengu reavers
  16 storm dragons
  17 fire giants
  Roxanne (Swamp:4)
  2 azure jellies (Vaults:1)
  Louise (Swamp:4)
  14 deep elf sorcerers
  4 draconian scorchers
  16 frost giants
  7 ghost moths
  3 iron dragons
  5 draconian knights
  10 emperor scorpions
  19 vault wardens
  A ghost moth (shapeshifter) (Depths:4)
  A balrug (Depths:1)
  9 draconian shifters
  6 draconian stormcallers
  8 draconian annihilators
  4 deep elf elementalists
  3 spriggan defenders
  30 very ugly things
  8 ironheart preservers
  6 entropy weavers
  2 war gargoyles
  21 stone giants
  7 vampire knights
  2 juggernaut skeletons (Vaults:1)
  7 deep elf annihilators
  13 green draconians
  5 deep elf demonologists
  16 black draconians
  12 purple draconians
  13 white draconians
  4 dire elephants (Lair:6)
  13 yellow draconians
  10 red draconians
  12 spark wasps
  The ghost of Foxy the Carver, a journeyman BaMo of Okawaru (Lair:4)
  4 deep elf death magi
  12 ettins
  10 crystal guardians
  A minotaur (Depths:3)
  2 green deaths (Swamp:4)
  A merfolk impaler (Depths:3)
  8 deep elf high priests
  23 yaktaur captains
  13 great orbs of eyes
  Erolcha (D:13)
  21 fire dragons
  Harold (Lair:2)
  15 hydras
  9 rakshasas
  A juggernaut simulacrum (Vaults:1)
  16 ice dragons
  27 vault guards
  3 spriggan air magi (Depths:4)
  A catoblepas (D:14)
  14 centaur warriors
  3 ghost crabs (Vaults:1)
  2 anacondas
  14 alligators
  13 ogre magi
  22 dancing weapons
  27 two-headed ogres
  6 death yaks (Lair:5)
  3 vampire magi
  A shock serpent (shapeshifter) (D:12)
  3 death knights
  5 deep troll earth magi
  An orc high priest (Elf:2)
  2 sun demons (Depths:1)
  A titan zombie (D:15)
  9 spriggan berserkers
  12 tengu warriors
  7 deep troll shamans
  A titan skeleton (Depths:3)
  20 deep elf knights
  Sonja (D:13)
  Urug (Orc:1)
  A storm dragon zombie (Vaults:5)
  A storm dragon skeleton (Vaults:1)
  2 iron trolls (Depths:3)
  A fire crab (Vaults:1)
  5 unseen horrors
  9 hell knights
  6 skeletal warriors
  6 deep trolls
  A golden dragon zombie (Depths:3)
  A flayed ghost (Vaults:4)
  5 wizards
  3 swamp dragons
  5 glowing orange brains
  A death drake (shapeshifter) (Depths:4)
  11 deep elf archers
  An orange crystal statue (Depths:2)
  A lindwurm (Vaults:1)
  12 necromancers
  16 orc knights
  3 phantasmal warriors
  Pikel (D:7)
  18 ironbrand convokers
  35 ugly things
  13 orb spiders
  A shadow dragon skeleton (Depths:3)
  47 deep elf magi
  7 cyclopes
  4 manticores
  3 orc sorcerers
  2 fire giant zombies
  A frost giant zombie (Vaults:5)
  4 human zombies
  A tengu skeleton (D:15)
  30 moths of wrath
  A moth of wrath (shapeshifter) (Elf:2)
  A salamander (shapeshifter) (Vaults:3)
  25 wolf spiders
  Joseph (D:7)
  19 elephants
  A guardian serpent (shapeshifter) (Depths:1)
  2 manticores (shapeshifter)
  An elf zombie (D:15)
  A smoke demon (Depths:2)
  2 naga magi (Vaults:1)
  4 torpor snails
  A fire giant skeleton (Vaults:5)
  12 vault sentinels
  29 spiny frogs
  2 ice statues (Vaults:1)
  7 black mambas
  2 molten gargoyles (Vaults:1)
  An orange demon (Swamp:4)
  A redback zombie (D:13)
  73 yaktaurs
  A kobold demonologist (D:13)
  10 demonic crawlers
  A rime drake (shapeshifter) (Vaults:1)
  6 freezing wraiths
  An anaconda simulacrum (Vaults:1)
  A golden dragon simulacrum (Vaults:1)
  An efreet (D:14)
  2 hellwings (Depths:2)
  A yaktaur zombie (D:15)
  10 komodo dragons
  13 trolls
  11 tengu conjurers
  A queen bee (Depths:3)
  A wind drake (shapeshifter) (Depths:4)
  A polar bear (Lair:4)
  2 jumping spiders (shapeshifter)
  48 slime creatures
  28 jumping spiders
  2 polar bears (shapeshifter)
  24 hornets
  A tengu simulacrum (Vaults:3)
  A hornet (shapeshifter) (Elf:1)
  2 hippogriffs (shapeshifter)
  4 tyrant leeches
  7 bog bodies
  7 hippogriffs
  17 blink frogs
  A meliai zombie (D:14)
  9 shadows
  A tarantella (shapeshifter) (Depths:4)
  An ettin skeleton (Vaults:5)
  5 air elementals
  5 spriggans
  A spriggan (shapeshifter) (Depths:5)
  37 tarantellas
  A centaur simulacrum (D:15)
  63 redbacks
  A spriggan simulacrum (Depths:3)
  A wraith (D:15)
  Sigmund (D:5)
  12 water elementals
  2 yaks (shapeshifter)
  4 hogs (Swamp:2)
  28 yaks
  Eustachio (D:4)
  5 fire elementals
  5 wyverns
  4 basilisks
  3 fire bats (Depths:2)
  2 hungry ghosts (D:11)
  3 steam dragons
  Grum (D:8)
  33 vampire mosquitoes
  Menkaure (D:5)
  6 small abominations
  2 spatial vortices (Vaults:1)
  Edmund (D:5)
  8 wargs
  2 large abominations (Swamp:4)
  A soldier ant (D:14)
  6 insubstantial wisps
  A naga (shapeshifter) (Vaults:1)
  A soldier ant (shapeshifter) (Elf:1)
  16 swamp worms
  4 acid dragons
  A floating eye (shapeshifter) (Vaults:5)
  2 hydra simulacra (Vaults:1)
  15 water moccasins
  4 floating eyes
  14 porcupines
  A deep troll skeleton (Vaults:4)
  A hell hound (Depths:2)
  8 swamp drakes
  49 orc warriors
  5 phantoms
  2 black bears
  2 black bears (shapeshifter)
  An eye of draining (D:12)
  5 ice beasts
  A necrophage (D:15)
  5 sky beasts
  36 ogres
  A tengu (shapeshifter) (Depths:3)
  40 centaurs
  10 wolves
  10 boggarts
  4 big kobolds
  17 crocodiles
  2 earth elementals
  21 bullfrogs
  Blork the orc (D:6)
  3 gnoll sergeants
  A glowing shapeshifter simulacrum (Vaults:1)
  A deep troll simulacrum (Vaults:1)
  A human skeleton (Vaults:4)
  A wyvern zombie (D:11)
  A wyvern skeleton (D:10)
  4 scorpions
  31 killer bees
  A wight (D:5)
  8 electric eels
  6 howler monkeys
  5 crimson imps
  2 centaur zombies
  2 lava snakes (Vaults:1)
  5 bullfrog skeletons
  An iron imp (Depths:5)
  22 jellies
  16 orc priests
  5 hounds
  29 orc wizards
  8 centaur skeletons
  3 iguanas
  5 hell rats (Lair:4)
  15 worker ants
  A troll simulacrum (Vaults:1)
  2 hound zombies
  A hound skeleton (D:11)
  2 worker ant zombies
  12 gnolls
  20 adders
  4 naga simulacra (Vaults:1)
  4 shadow imps
  12 white imps
  16 oozes
  3 adder zombies
  6 worms
  3 dart slugs
  6 leopard geckos
  118 orcs
  4 bats (D:2)
  9 giant cockroaches
  2 goblins (D:1)
  8 hobgoblins
  13 jackals
  A quokka (shapeshifter) (Depths:3)
  6 quokkas
  A ball python (D:3)
  2 frilled lizards
  20 kobolds
  A quokka skeleton (D:4)
  5 rats
  4 briar patches
  8 crawling corpses
  4 fungi
  10 plants
  4 withered plants (D:15)
2491 creatures vanquished.

Vanquished Creatures (collateral kills)
  A tentacled monstrosity (Zot:4)
  A green draconian (Zot:4)
2 creatures vanquished.

Vanquished Creatures (others)
  An ancient lich (Zot:5)
  A storm dragon (Vaults:5)
  A ghost moth (Zot:5)
  2 stone giants
  A yaktaur captain (Depths:5)
  A fire dragon (Depths:5)
  3 vault guards (Vaults:5)
  A spriggan air mage (Depths:3)
  A deep elf knight (Vaults:5)
  A deep elf archer (Elf:3)
  A necromancer (Vaults:5)
  A deep elf mage (Vaults:1)
  A moth of wrath (Zot:5)
  A titan simulacrum (Vaults:5)
  A yaktaur (Vaults:5)
  A yak (D:13)
  A fire elemental (Vaults:1)
  A human (Swamp:2)
  An ogre (Vaults:5)
  A killer bee (Depths:3)
  A ball lightning (Zot:5)
  2 briar patches
  11 fungi
  22 plants
  6 toadstools (Swamp:2)
65 creatures vanquished.

Grand Total: 2558 creatures vanquished

Notes
Turn   | Place    | Note
-------+----------+-------------------------------------------
     0 | D:1      | JeffiDaFish the Minotaur Fighter began the quest for the Orb.
     0 | D:1      | Reached XP level 1. HP: 19/19 MP: 0/0
   152 | D:1      | Reached XP level 2. HP: 27/27 MP: 1/1
   311 | D:1      | Gained mutation: You are resistant to hostile enchantments. (MR+) [potion of mutation]
   311 | D:1      | Gained mutation: Your flesh is cold resistant. (rC+) [potion of mutation]
   311 | D:1      | Gained mutation: Your spells are a little easier to cast, but a little less powerful. [potion of mutation]
   311 | D:1      | Gained mutation: You are highly resistant to hostile enchantments. (MR++) [potion of mutation]
   466 | D:2      | Reached XP level 3. HP: 30/33 MP: 2/2
  1033 | D:2      | Reached XP level 4. HP: 21/40 MP: 3/3
  1246 | D:2      | Found an ornate altar of the Wu Jian Council.
  1446 | D:2      | Found a radiant altar of Vehumet.
  1579 | D:3      | Found a burning altar of Makhleb.
  1591 | D:3      | Reached XP level 5. HP: 45/47 MP: 4/4
  1910 | D:3      | Found a deep blue altar of Sif Muna.
  2040 | D:4      | Reached skill level 5 in Axes
  2300 | D:4      | Reached XP level 6. HP: 41/53 MP: 5/5
  2434 | D:4      | Reached skill level 5 in Shields
  2436 | D:4      | Found a snail-covered altar of Cheibriados.
  2496 | D:4      | Noticed Eustachio
  2509 | D:4      | Killed Eustachio
  2509 | D:4      | Reached skill level 5 in Armour
  2542 | D:4      | Reached skill level 1 in Dodging
  2543 | D:4      | Reached XP level 7. HP: 58/60 MP: 6/6
  3111 | D:5      | Entered Level 5 of the Dungeon
  3124 | D:5      | Reached skill level 5 in Fighting
  3133 | D:5      | Reached XP level 8. HP: 42/68 MP: 7/7
  3362 | D:5      | Noticed Edmund
  3363 | D:5      | Noticed Sigmund
  3375 | D:5      | Killed Edmund
  3380 | D:5      | Killed Sigmund
  3409 | D:5      | Noticed Menkaure
  3422 | D:5      | Killed Menkaure
  3786 | D:6      | Reached skill level 10 in Axes
  3887 | D:6      | Reached XP level 9. HP: 77/77 MP: 8/8
  4215 | D:6      | Noticed Blork the orc
  4221 | D:6      | Killed Blork the orc
  4413 | D:6      | Found a glowing golden altar of the Shining One.
  4416 | D:6      | Found a stormy altar of Qazlal.
  4419 | D:6      | Found a burning altar of Makhleb.
  5183 | D:7      | Found a shattered altar of Ashenzari.
  5550 | D:7      | Noticed Pikel
  5560 | D:7      | Killed Pikel
  5698 | D:7      | Found Yjiesut's Antique Armour Shoppe.
  5701 | D:7      | Noticed Joseph
  5718 | D:7      | Killed Joseph
  5718 | D:7      | Reached skill level 1 in Stealth
  5718 | D:7      | Reached XP level 10. HP: 57/86 MP: 9/9
  5726 | D:7      | Bought an ichor-stained chain mail for 190 gold pieces
  5736 | D:7      | Identified the cursed +0 chain mail of Subjectivity {-Tele Str-2 Dex+8 SInv} (You bought it in a shop on level 7 of the Dungeon)
  5784 | D:7      | Found a staircase to the Ecumenical Temple.
  5813 | Temple   | Entered the Ecumenical Temple
  5878 | Temple   | Became a worshipper of Warmaster Okawaru
  5985 | D:8      | Noticed Grum
  5993 | D:8      | Killed Grum
  6154 | D:8      | Reached * piety under Okawaru
  6441 | D:8      | Noticed a two-headed ogre
  6886 | D:8      | Killed a two-headed ogre
  6886 | D:8      | Reached ** piety under Okawaru
  7591 | D:9      | Found a staircase to the Orcish Mines.
  8332 | D:10     | Entered Level 10 of the Dungeon
  8366 | D:10     | Reached skill level 10 in Shields
  8419 | D:10     | Reached *** piety under Okawaru
  8419 | D:10     | Reached XP level 11. HP: 85/95 MP: 10/10
  8614 | D:10     | Noticed a centaur warrior
  8627 | D:10     | Killed a centaur warrior
  8858 | D:10     | Noticed a two-headed ogre
  8868 | D:10     | Killed a two-headed ogre
  8868 | D:10     | Reached **** piety under Okawaru
  8935 | D:10     | Killed an unseen horror
  9370 | D:10     | Found a staircase to the Lair.
  9502 | Lair:1   | Entered Level 1 of the Lair of Beasts
  9534 | Lair:1   | Reached skill level 10 in Armour
  9996 | Lair:1   | Reached ***** piety under Okawaru
 10279 | Lair:1   | Noticed an eight-headed hydra
 10305 | Lair:1   | Killed an eight-headed hydra
 10309 | Lair:1   | Reached skill level 1 in Invocations
 10415 | Lair:1   | Reached XP level 12. HP: 99/106 MP: 11/11
 10586 | Lair:1   | Reached skill level 10 in Fighting
 11828 | Lair:2   | Noticed Harold
 11858 | Lair:2   | Killed Harold
 11858 | Lair:2   | Reached skill level 5 in Dodging
 12225 | Lair:2   | Reached ****** piety under Okawaru
 12267 | Lair:2   | Noticed a seven-headed hydra
 12281 | Lair:2   | Killed a seven-headed hydra
 13068 | Lair:3   | Received a gift from Okawaru
 13079 | Lair:3   | Got a pair of faintly glowing gloves {god gift}
 13672 | Lair:3   | Got a jewelled fustibalus
 13734 | Lair:3   | Found a hole to the Spider Nest.
 14210 | Lair:4   | Reached skill level 15 in Axes
 14238 | Lair:4   | Found a staircase to the Swamp.
 14293 | Lair:4   | Noticed a six-headed hydra
 14303 | Lair:4   | Killed a six-headed hydra
 14386 | Lair:4   | Noticed Foxy's ghost (journeyman BaMo)
 14432 | Lair:4   | Killed Foxy's ghost
 14432 | Lair:4   | Reached XP level 13. HP: 43/116 MP: 14/14
 15109 | Lair:4   | Identified the +1 pair of gloves of Listlessness {Slay+3} (Okawaru gifted it to you on level 3 of the Lair of Beasts)
 15666 | Lair:5   | Found a staircase to the Slime Pits.
 15744 | Lair:5   | Reached skill level 5 in Invocations
 15744 | Lair:5   | Reached XP level 14. HP: 126/127 MP: 16/16
 16205 | Lair:5   | Received a gift from Okawaru
 16625 | Lair:6   | Entered Level 6 of the Lair of Beasts
 17202 | Lair:5   | Received a gift from Okawaru
 17215 | Lair:6   | Reached skill level 10 in Dodging
 17239 | Lair:5   | Received a gift from Okawaru
 18582 | Lair:6   | Received a gift from Okawaru
 18587 | Lair:6   | Reached XP level 15. HP: 95/137 MP: 11/17
 18611 | Lair:6   | Got a jewelled hand axe
 18649 | Lair:6   | Identified a scroll of acquirement
 18665 | Lair:6   | Identified the +3 hand axe of Keidasom {chaos, Fragile +Fly rN+} (You found it on level 6 of the Lair of Beasts)
 19246 | D:11     | Found a shattered altar of Ashenzari.
 19553 | D:11     | Found Xaoheduph's Assorted Antiques.
 19565 | D:11     | Bought a scroll of teleportation for 78 gold pieces
 19817 | D:12     | Found Kell's Gadget Boutique.
 20238 | D:12     | Noticed Rupert
 20254 | D:12     | Killed Rupert
 21371 | D:13     | Noticed Frances
 21373 | D:13     | Noticed Sonja
 21383 | D:13     | Killed Frances
 21424 | D:13     | Killed Sonja
 21435 | D:13     | Noticed Erolcha
 21449 | D:13     | Killed Erolcha
 21612 | D:13     | Found a white marble altar of Elyvilon.
 21907 | D:13     | Found Teongo's Weapon Boutique.
 21945 | D:13     | Received a gift from Okawaru
 22189 | D:14     | Reached skill level 15 in Fighting
 22474 | D:14     | Found a gate to the Vaults.
 22588 | D:14     | You fall through a shaft!
 22588 | D:15     | Entered Level 15 of the Dungeon
 22588 | D:15     | Found a staircase to the Depths.
 22813 | D:15     | Reached XP level 16. HP: 88/149 MP: 10/19
 23747 | D:15     | Received a gift from Okawaru
 24300 | D:14     | Found the -3 mace of Variability {chaos}
 25136 | Orc:1    | Entered Level 1 of the Orcish Mines
 25208 | Orc:1    | Noticed Urug
 25219 | Orc:1    | Killed Urug
 25489 | Orc:2    | Entered Level 2 of the Orcish Mines
 26098 | Orc:2    | Found a staircase to the Elven Halls.
 26325 | Orc:2    | Found Luups's Book Emporium.
 26325 | Orc:2    | Found Wedes's Book Shop.
 26325 | Orc:2    | Found Reots's Armour Boutique.
 26346 | Orc:2    | Found Batuq's Armour Shoppe.
 26737 | Swamp:1  | Entered Level 1 of the Swamp
 26815 | Swamp:1  | Noticed a thorn hunter
 26835 | Swamp:1  | Killed a thorn hunter
 27772 | Swamp:2  | Received a gift from Okawaru
 27875 | Swamp:2  | Reached skill level 15 in Shields
 27877 | Swamp:2  | Noticed Kirke
 27896 | Swamp:2  | Killed Kirke
 27896 | Swamp:2  | Reached XP level 17. HP: 157/161 MP: 15/20
 28484 | Swamp:3  | Reached skill level 15 in Armour
 28969 | Swamp:4  | Entered Level 4 of the Swamp
 29204 | Swamp:4  | Noticed Louise
 29244 | Swamp:4  | Killed Louise
 29379 | Swamp:4  | Noticed a tentacled monstrosity
 29384 | Swamp:4  | Reached skill level 15 in Dodging
 29391 | Swamp:4  | Killed a tentacled monstrosity
 29478 | Swamp:4  | Received a gift from Okawaru
 29788 | Swamp:4  | Got a decaying rune of Zot
 29853 | Swamp:4  | Noticed Roxanne
 29888 | Swamp:4  | Killed Roxanne
 30136 | Spider:1 | Entered Level 1 of the Spider Nest
 30242 | Spider:1 | Received a gift from Okawaru
 31814 | Spider:2 | Reached XP level 18. HP: 173/173 MP: 21/21
 32041 | Spider:3 | Noticed Arachne
 32075 | Spider:3 | Killed Arachne
 32576 | Spider:3 | Received a gift from Okawaru
 32903 | Spider:4 | Entered Level 4 of the Spider Nest
 33708 | Spider:4 | Received a gift from Okawaru
 33950 | Spider:4 | Got a gossamer rune of Zot
 34453 | Vaults:1 | Entered Level 1 of the Vaults
 34534 | Vaults:1 | Identified Sif Muna's Volume of Fire
 35155 | Vaults:1 | Received a gift from Okawaru
 35155 | Vaults:1 | Reached XP level 19. HP: 117/183 MP: 16/22
 35167 | Vaults:1 | Identified Jameoryb's Guide on the Voyage
 36219 | Vaults:1 | Noticed a bone dragon
 36254 | Vaults:1 | Killed a bone dragon
 36307 | Vaults:1 | Received a gift from Okawaru
 36314 | Vaults:1 | Identified the Reference Book on Black Rituals
 36670 | Vaults:1 | Identified Cethracw's Tome of Cold
 37651 | Vaults:2 | Identified Yzimyeja's Papyrus of the Lucky Glacier
 38249 | Vaults:3 | Noticed Margery
 38605 | Vaults:3 | Killed Margery
 38675 | Vaults:3 | Received a gift from Okawaru
 38678 | Vaults:3 | Reached XP level 20. HP: 180/195 MP: 21/23
 38924 | Vaults:3 | Found a staircase to the Crypt.
 39401 | Vaults:4 | Received a gift from Okawaru
 40155 | Vaults:4 | Found Jucs's Antique Armour Emporium.
 40536 | Vaults:4 | Noticed Saint Roka
 40552 | Vaults:4 | Killed Saint Roka
 40815 | Vaults:5 | Entered Level 5 of the Vaults
 40853 | Vaults:5 | Received a gift from Okawaru
 40874 | Vaults:5 | Noticed a golden dragon
 41214 | Vaults:5 | Reached XP level 21. HP: 181/207 MP: 18/24
 41223 | Vaults:5 | Killed a golden dragon
 41244 | Vaults:5 | Noticed a golden dragon
 41532 | Vaults:4 | Received a gift from Okawaru
 41553 | Vaults:4 | Killed a golden dragon
 42023 | Vaults:5 | Received a gift from Okawaru
 42051 | Vaults:5 | Noticed a golden dragon
 42331 | Vaults:4 | Killed a golden dragon
 43389 | Vaults:5 | Received a gift from Okawaru
 43673 | Vaults:5 | Identified the Papyrus of Congealing Stolen Souls
 43687 | Vaults:5 | Identified the +0 pair of gloves of the Earth {rPois rC+ Slay+2} (You found it on level 5 of the Vaults)
 43740 | Vaults:5 | Reached XP level 22. HP: 187/217 MP: 22/25
 43974 | Vaults:5 | Got a silver rune of Zot
 44026 | Vaults:5 | Noticed a golden dragon
 44042 | Vaults:5 | Killed a golden dragon
 44736 | Vaults:5 | Upgraded the game from 0.21.0-3-g78d12a8 to 0.21.0-22-g11d5b52
 45122 | Elf:1    | Entered Level 1 of the Elven Halls
 45481 | Elf:1    | Noticed Agnes
 45487 | Elf:1    | Killed Agnes
 45852 | Elf:1    | Found a bloodstained altar of Trog.
 46259 | Elf:2    | Found Wereff's Armour Emporium.
 46388 | Elf:2    | Found a runed gate.
 46388 | Elf:2    | Found a runed gate.
 46389 | Elf:2    | Found a runed gate.
 46472 | Elf:2    | Received a gift from Okawaru
 46500 | Elf:2    | Identified the +12 crystal plate armour of Conscience {Str+2 Dex+4 SInv Stlth+} (Okawaru gifted it to you on level 2 of the Elven Halls)
 47744 | Depths:1 | Entered Level 1 of the Depths
 47767 | Depths:1 | Found a gateway to a ziggurat.
 47987 | Depths:1 | Found Qeduch's Changing Room.
 48035 | Depths:1 | Found Jureqeh's Antique Weapon Emporium.
 48595 | Depths:1 | Found a gateway to Hell.
 49124 | Depths:2 | Found a one-way gate to the infinite horrors of the Abyss.
 49289 | Depths:2 | Found Qoawig's Magic Scroll Shoppe.
 49328 | Depths:2 | Found Peda's Armour Emporium.
 49340 | Depths:2 | Reached XP level 23. HP: 178/227 MP: 18/27
 49379 | Depths:2 | Received a gift from Okawaru
 49414 | Depths:2 | Found Werergh's Food Shoppe.
 49807 | Depths:2 | Found a runed door.
 49841 | Depths:2 | Got a coiled glass ring
 49853 | Depths:2 | Identified Sif Muna's Collected Works on Earthen Venom
 49953 | Depths:2 | Identified the ring of Xapha {*Tele +Inv rC+ Dex+4 Stlth-} (You found it on level 2 of the Depths)
 50050 | Depths:2 | Found Syrhea's Antique Armour Shoppe.
 50580 | D:3      | Identified Sif Muna's Compendium of Self-Knowledge
 51130 | Depths:3 | Found a runed door.
 51137 | Depths:3 | Noticed a juggernaut
 51147 | Depths:3 | Killed a juggernaut
 51147 | Depths:3 | Received a gift from Okawaru
 51181 | Depths:3 | Got a crude shield {god gift}
 51192 | Depths:3 | Identified the +0 shield "Gotsyluo" {*Corrode rPois Dex+10} (Okawaru gifted it to you on level 3 of the Depths)
 51215 | Depths:3 | Got a translucent ivory ring
 51300 | Depths:3 | Noticed a caustic shrike
 51307 | Depths:3 | Killed a caustic shrike
 51992 | Depths:3 | Paralysed by a floating eye for 4 turns
 51999 | Depths:3 | Paralysed by a floating eye for 2 turns
 52339 | Depths:3 | Received a gift from Okawaru
 52346 | Depths:3 | Identified the ring "Opock" {MR+ MP+9 Str+5} (You took it off a tengu reaver on level 3 of the Depths)
 52351 | Depths:3 | Identified the +7 chain mail "Tomeowk" {+Inv rElec rF+} (Okawaru gifted it to you on level 3 of the Depths)
 52730 | Depths:3 | Found a one-way gate leading to the halls of Pandemonium.
 52936 | Depths:3 | Reached XP level 24. HP: 237/237 MP: 28/28
 52976 | Depths:3 | Got a smoking diamond amulet
 52979 | Depths:3 | Identified the amulet of Riojois {Reflect Str+4 SH+3} (You took it off a necromancer on level 3 of the Depths)
 53700 | Depths:4 | Found a blossoming altar of Fedhas.
 53854 | Depths:4 | Paralysed by a floating eye for 2 turns
 53920 | Depths:4 | Noticed a juggernaut
 53940 | Depths:4 | Killed a juggernaut
 54238 | Depths:4 | Got a bound bone ring
 54242 | Depths:4 | Got a glittering brass amulet
 54265 | Depths:4 | Reached skill level 10 in Invocations
 54274 | Depths:4 | Received a gift from Okawaru
 54636 | Depths:4 | Identified the ring "Cemodgh" {+Fly rElec rC- Str+6 SInv} (You took it off a deep elf annihilator on level 4 of the Depths)
 54637 | Depths:4 | Identified the amulet "Guhewn" {+Blink Regen+ Int+2} (You found it on level 4 of the Depths)
 54864 | Depths:4 | Identified the +0 broad axe of Sunlight {flame, +Blink rC+ rN++ Dex-5} (You found it on level 4 of the Depths)
 54924 | Depths:4 | Paralysed by a floating eye for 4 turns
 54940 | Depths:4 | Received a gift from Okawaru
 54968 | Depths:4 | Identified Sif Muna's Grimoire of Clay and Boosts
 54980 | Depths:4 | Found the cursed +13 scythe of Curses {drain, *Curse}
 54991 | Depths:4 | Found the +5 demon whip "Spellbinder" {antimagic, MR+}
 55159 | Depths:4 | Found an opulent altar of Gozag.
 55174 | Depths:4 | Found a runed door.
 55175 | Depths:4 | Found a runed door.
 55175 | Depths:4 | Found a runed door.
 55191 | Depths:4 | Paralysed by a floating eye for 2 turns
 55222 | Depths:4 | Paralysed by a floating eye for 3 turns
 55239 | Depths:4 | Paralysed by a floating eye for 2 turns
 55582 | Depths:4 | Reached XP level 25. HP: 245/245 MP: 30/30
 55633 | Depths:4 | Noticed a juggernaut
 55646 | Depths:4 | Killed a juggernaut
 55668 | Depths:4 | Received a gift from Okawaru
 55736 | Depths:4 | Found the +8 demon blade "Bloodbane" {slice, *Rage +Rage Stlth-}
 55858 | Depths:4 | Found a snail-covered altar of Cheibriados.
 55880 | Depths:5 | Entered Level 5 of the Depths
 55880 | Depths:5 | Found Ugraedagh's Distillery.
 56113 | Depths:5 | Noticed a juggernaut
 56818 | Elf:3    | Entered Level 3 of the Elven Halls
 57404 | Elf:3    | Noticed Bai Suzhen
 57421 | Elf:3    | Killed Bai Suzhen
 57658 | Elf:3    | Received a gift from Okawaru
 58940 | Depths:5 | Bought a potion of berserk rage for 75 gold pieces
 58940 | Depths:5 | Bought a potion of haste for 150 gold pieces
 58940 | Depths:5 | Bought a potion of agility for 60 gold pieces
 58940 | Depths:5 | Bought a potion of might for 60 gold pieces
 58940 | Depths:5 | Bought a potion of curing for 45 gold pieces
 59148 | Depths:5 | Found a gate to the Realm of Zot.
 59202 | Depths:5 | Received a gift from Okawaru
 59505 | Zot:1    | Entered Level 1 of the Realm of Zot
 59585 | Zot:1    | Reached XP level 26. HP: 241/258 MP: 30/30
 60162 | Zot:2    | Received a gift from Okawaru
 60686 | Zot:2    | Found the +10 morningstar "Eos" {elec, Halo rElec}
 61261 | Zot:2    | Received a gift from Okawaru
 61278 | Zot:2    | Noticed an orb of fire
 61279 | Zot:2    | Gained mutation: You are frail. (-10% HP) [an orb of fire]
 61290 | Zot:2    | Gained mutation: You do not regenerate when monsters are visible. [an orb of fire]
 61291 | Zot:2    | Killed an orb of fire
 61379 | Zot:2    | Reached XP level 27. HP: 101/241 MP: 30/30
 62062 | Zot:3    | Reached skill level 27 in Axes
 62691 | Zot:4    | Received a gift from Okawaru
 62692 | Zot:4    | Found the +14 obsidian axe {chop, +Fly SInv *Curse}
 63509 | Zot:4    | Received a gift from Okawaru
 64561 | Zot:5    | Entered Level 5 of the Realm of Zot
 64658 | Zot:5    | Noticed Tiamat
 64686 | Zot:5    | Killed Tiamat
 64748 | Zot:5    | Reached skill level 27 in Fighting
 64760 | Zot:5    | Received a gift from Okawaru
 65439 | Zot:5    | Noticed an ancient lich
 65899 | Zot:5    | HP: 4/245 [green draconian stormcaller/divine providence[the power of Zot] (11)]
 65900 | Zot:5    | HP: 1/245 [Brimstone Fiend[an ancient lich] (2)]
 65903 | Zot:5    | Killed an ancient lich
 65906 | Zot:5    | Killed from afar by a green draconian stormcaller

Skill      XL: |  1  2  3  4  5  6  7  8  9 10 11 12 13 14 15 16 17 18 19 20 21 22 23 24 25 26 27 |
---------------+----------------------------------------------------------------------------------+-----
Armour         | 4 5 6 7 9 10 11 12 13 14 15 16 17 18 19 20 21 22 23 25 | 25.5
Fighting       | 4 5 6 7 8 9 11 12 13 15 17 18 19 20 22 23 24 25 27 | 27.0
Shields        | 4 5 6 7 8 10 11 12 13 14 15 | 15.9
Axes           | 3 4 5 6 8 10 11 13 14 15 16 17 18 19 21 22 23 25 26 27 | 27.0
Dodging        | 1 2 3 4 7 8 10 12 14 15 17 18 19 20 21 22 23 25 | 25.2
Stealth        | 1 |  1.3
Invocations    | 1 3 5 7 9 10 | 10.8

Action                   |  1- 3 |  4- 6 |  7- 9 | 10-12 | 13-15 | 16-18 | 19-21 | 22-24 | 25-27 || total
-------------------------+-------+-------+-------+-------+-------+-------+-------+-------+-------++-------
Melee: War axe           |    94 |   114 |   295 |   891 |   734 |  1696 |   500 |       |       ||  4324
       Headbutt          |     3 |    20 |    49 |   213 |   220 |   455 |   366 |   523 |   501 ||  2350
       Flail             |       |       |       |    40 |    36 |    27 |       |       |       ||   103
       Broad axe         |       |       |       |       |       |       |   695 |  1389 |  1205 ||  3289
Invok: Finesse           |       |       |       |     1 |     4 |     8 |    11 |     5 |    10 ||    39
 Abil: Stop Flying       |       |       |       |       |       |       |     1 |       |       ||     1
       Evoke Flight      |       |       |       |       |       |       |       |     1 |       ||     1
Evoke: Wand              |       |       |       |       |     2 |     1 |       |       |     1 ||     4
  Use: Scroll            |     7 |     3 |     1 |    12 |     7 |    17 |    13 |    15 |     9 ||    84
       Potion            |     4 |     2 |    11 |     3 |     7 |     3 |     3 |       |    10 ||    43
 Stab: Invisible         |       |     1 |       |       |       |       |    19 |       |       ||    20
       Petrified         |       |       |       |       |     2 |       |       |       |       ||     2
       Confused          |       |       |       |       |       |     3 |       |       |     7 ||    10
       Held in net/web   |       |       |       |       |       |     3 |       |       |       ||     3
       Distracted        |       |       |       |       |       |       |     1 |     2 |     2 ||     5
  Eat: Chunk             |       |     6 |     7 |    25 |    28 |    30 |    25 |    31 |    27 ||   179
       Ration            |       |       |     1 |     1 |       |     3 |     1 |     2 |     2 ||    10
Armor: Scale mail        |     9 |       |       |       |       |       |       |       |       ||     9
       Chain mail        |    55 |    53 |   150 |   329 |   119 |       |       |       |       ||   706
       Gold dragon scale |       |       |       |       |   203 |   788 |   433 |   283 |   310 ||  2017
       Crystal plate arm |       |       |       |       |       |       |       |    94 |       ||    94
Dodge: Dodged            |    20 |    28 |    93 |   239 |   254 |   508 |   348 |   545 |   890 ||  2925
Block: Shield            |    65 |    62 |   178 |   495 |   592 |  1246 |   749 |   845 |   985 ||  5217
       Reflection        |       |       |       |       |       |       |       |    24 |    30 ||    54
